 Dungeon Crawl Stone Soup version 0.18-a0-1788-g92de1ac (webtiles) character file.

55 Grushdeva the Skirmisher (level 3, 0/34 HPs)
             Began as a Minotaur Berserker on Apr 20, 2016.
             Was a Believer of Trog.
             Succumbed to an adder's poison
             ... on level 2 of the Dungeon.
             The game lasted 00:01:44 (1007 turns).

Grushdeva the Skirmisher (Minotaur Berserker)       Turns: 1007, Time: 00:01:45

Health: 0/34       AC:  2    Str: 22    XL:     3   Next: 67%
Magic:  2/2        EV: 12    Int:  4    God:    Trog [**....]
Gold:   95         SH:  0    Dex:  9    Spells: 0 memorised, 2 levels left

rFire  . . .     SeeInvis .     a - +0 hand axe
rCold  . . .     Gourm    .     b - +0 animal skin
rNeg   . . .     Faith    .     (no shield)
rPois  .         Spirit   .     (helmet restricted)
rElec  .         Dismiss  .     (no cloak)
rCorr  .         Reflect  .     (no gloves)
SustAt .         Harm     .     (no boots)
MR     .....                    (no amulet)
Stlth  +.........               (no ring)
                                (no ring)

@: confused, lethally poisoned (0 -> -4), exhausted, slowed, very slow, not
resistant to hostile enchantments, very unstealthy
A: retaliatory headbutt, horns 2
a: Berserk, Trog's Hand, Burn Spellbooks, Renounce Religion


You were on level 2 of the Dungeon.
You worshipped Trog.
Trog was pleased with you.
You were very hungry.

You visited 1 branch of the dungeon, and saw 2 of its levels.

You collected 95 gold pieces.

Inventory:

Hand Weapons
 a - a +0 hand axe (weapon)
Armour
 b - a +0 animal skin (worn)
Scrolls
 g - 5 scrolls of identify {unknown}
 k - a scroll of magic mapping {unknown}
 l - a scroll of noise {unknown}
 m - a scroll of remove curse {unknown}
Potions
 e - a potion of invisibility {unknown}
 f - 2 potions of beneficial mutation {unknown}
 h - a potion of lignification {unknown}
 i - 3 potions of flight {unknown}
 n - a potion of agility {unknown}
Comestibles
 c - a bread ration
 d - 6 chunks of flesh
 j - 3 fruits


   Skills:
 * Level 4.6 Fighting
 + Level 4.2 Axes
 * Level 3.4 Armour
 - Level 2.1 Dodging


You had 2 spell levels left.
You didn't know any spells.

Dungeon Overview and Level Annotations

Branches:
Dungeon (2/15)

Altars:

Annotations:
D:2 Sigmund


Innate Abilities, Weirdness & Mutations

You reflexively headbutt those who attack you in melee.
You have a pair of horns on your head.


Message History

You slash the adder!
You kill the adder!
Trog accepts your kill.
You can now call upon Trog for regeneration and protection from hostile enchantments.
Sigmund gestures at you while chanting.
You are confused.
You are no longer berserk.
You are exhausted.
You feel yourself slow down.
You are feeling very hungry.
You feel sick.
Sigmund points at you and mumbles some strange words.
The puff of flame misses you. The dart slug launches a dart at you.
The slug dart misses you. Sigmund hits you with a scythe!
* * * LOW HITPOINT WARNING * * *
Found a stone staircase leading up.
You hit Sigmund.
Sigmund is severely wounded.
You die...

.<.###. ........ ..
........# ##.#
.........##......
....<...........
....... ..... .##
.......##.#.#...
.......@@.#.#.#
.......#......#
..##...###w.#######
##.. #<........
#.......†..[###
#............)#
................
.............##.
.........#####


You could see Sigmund and a dart slug.

Vanquished Creatures
  2 adders (D:2)
  An ooze (D:1)
  A giant gecko (D:1)
  A ball python (D:1)
  2 giant cockroaches
  3 hobgoblins (D:1)
  10 jackals
  2 bats (D:1)
  3 giant newts (D:1)
  3 kobolds (D:1)
28 creatures vanquished.

Notes
Turn   | Place    | Note
--------------------------------------------------------------
     0 | D:1      | Grushdeva the Minotaur Berserker began the quest for the Orb.
     0 | D:1      | Reached XP level 1. HP: 19/19 MP: 0/0
   179 | D:1      | Reached XP level 2. HP: 20/27 MP: 1/1
   849 | D:1      | Reached XP level 3. HP: 33/33 MP: 2/2
   995 | D:2      | Noticed Sigmund
  1004 | D:2      | Reached ** piety under Trog
  1006 | D:2      | HP: 1/34 [Sigmund/scythe (12)]
  1007 | D:2      | Succumbed to an adder's poison

Vault maps used:
D:1:      arrival_zaba_pyramid
D:2:      grunt_temple_overflow_diamond, uniq_sigmund

Skill      XL: |  1  2 |
---------------+-------+-----
Fighting       | 4 |  4.6
Axes           | 4 |  4.2
Armour         | 3 |  3.4
Dodging        | |  2.1

Action                   || total
-------------------------++-------
Melee: Hand axe          ||    65
       Headbutt          ||     7
Invok: Berserk           ||     1
 Stab: Sleeping          ||     2
Armor: Animal skin       ||    12
Dodge: Dodged            ||    42
